[Event "Late-Titled-Tuesday-Blitz-September-26-2023"]
[Site "Chess.com"]
[Date "2023.09.26"]
[Round "1"]
[White "traack"]
[Black "PepeCuenca"]
[Result "1/2-1/2"]
[WhiteElo "2411"]
[BlackElo "2704"]
[TimeControl "180+1"]
[EndTime "14:08:04 PDT"]
[Termination "Game drawn by repetition"]

1. e4 d6 2. d4 Nf6 3. Nc3 e5 4. Nf3 Nbd7 5. Bc4 Be7 6. O-O O-O 7. Qe2 c6 8. a4 exd4 9. Nxd4 Re8 10. Rd1 Bf8 11. Bg5 d5 12. Bb3 h6 13. Bxf6 Nxf6 14. e5 Nd7 15. f4 Nc5 16. a5 Qh4 17. g3 Qh3 18. Qg2 Qh5 19. Re1 Bh3 20. Qf2 Ne6 21.
Nxe6 fxe6 22. Ne2 c5 23. c3 Bf5 24. Nc1 Qg6 25. Re2 Rac8 26. Bc2 c4 27. Bxf5 Qxf5 28.
Kg2 Bc5 29. Qf3 Rf8 30. b4 Be7 31. Rf2 g5 32. Ne2 g4 33. Qe3 Qd3 34. Qd4 a6 35. Ra2 h5 36. Rd2 Qf5 37. Qe3 Qg6 38. Nd4 Qh6 39. Rde2 Rf7 40. f5 Qxe3 41. Rxe3 exf5 42. Rxf5 Rxf5 43. Nxf5 Bg5 44. Re2 Re8 45. e6 Bf6 46. Nd4 Bxd4 47. cxd4 Kg7 48. Re5 Kf6 49. Rxd5 Rxe6 50.
Rxh5 Kg6 51. Rc5 Rc6 52. Rxc6+ bxc6 53. Kf2 Kf6 54. Ke3 Ke6 55. Kd2 Kd6 56. Kc2 Ke6 57. Kd2 Kd6 58. Kc2 Ke6 59. Kd2 1/2-1/2

[Event "Late-Titled-Tuesday-Blitz-September-26-2023"]
[Site "Chess.com"]
[Date "2023.09.26"]
[Round "1"]
[White "elpatodice"]
[Black "alexrustemov"]
[Result "0-1"]
[WhiteElo "2464"]
[BlackElo "2898"]
[TimeControl "180+1"]
[EndTime "14:08:05 PDT"]
[Termination "alexrustemov won by checkmate"]

1. e4 e6 2. d4 d5 3. Nd2 dxe4 4.
Nxe4 Bd7 5. Ng3 Bc6 6. Nf3 Nd7 7. c3 Ngf6 8. Bc4 Be7 9. O-O O-O 10. Re1 Bd5 11.
Bb3 c5 12. c4 Bxf3 13. Qxf3 cxd4 14. Qxb7 Nc5 15. Qf3 Qa5 16. Rd1 Nxb3 17. Qxb3 Rfd8 18. Qd3 g6 19. a3 e5 20. f3 Nd7 21. b4 Bxb4 22.
axb4 Qxa1 23. Bg5 Qa4 24. Bxd8 Rxd8 25. Rb1 Rb8 26. Qd2 a5 27. Qg5 Rxb4 28. Rxb4 Qxb4 29. Qd8+ Nf8 30. h4 Kg7 31. Ne4 Ne6 32. Qf6+ Kg8 33. h5 gxh5 34. Qxe5 Qe1+ 35. Kh2 Qh4+ 36. Kg1 d3 37. Qd6 Qe1+ 38. Kh2 Qh4+ 39. Kg1 Qe1+ 40. Kh2 d2 41. Qxd2 Qxd2 42. Nxd2 a4 43. Nb1 Kg7 44. Na3 Kf6 45. g3 Ke5 46. Kh3 Kd4 47. Kh4 Kc5 48. Kxh5 Kb4 49. Nb1 Kxc4 50. Kh6 Nd4 51.
f4 Kb3 52. Kxh7 Nf3 53. g4 Kb2 54. g5 Kxb1 55. Kg7 a3 56. Kxf7 a2 57. g6 a1=Q 58.
g7 Qa2+ 59. Kf8 Qa3+ 60. Kf7 Qb3+ 61. Kf8 Qb4+ 62. Ke8 Qc4 63. f5 Ng5 64. f6 Qf7+ 65.
Kd8 Ne6+ 66. Kc8 Qc7# 0-1

[Event "Late-Titled-Tuesday-Blitz-September-26-2023"]
[Site "Chess.com"]
[Date "2023.09.26"]
[Round "1"]
[White "hurricane7791"]
[Black "marik_spb"]
[Result "1-0"]
[WhiteElo "2704"]
[BlackElo "2400"]
[TimeControl "180+1"]
[EndTime "14:08:05 PDT"]
[Termination "hurricane7791 won on time"]

1. d4 Nf6 2. c4 e6 3. Nf3 d5 4.
Nc3 Be7 5. Bf4 O-O 6. e3 c5 7. dxc5 dxc4 8. Bxc4 Bxc5 9. Qxd8 Rxd8 10. Ke2 Nc6 11. Rhd1 Bd7 12. Rac1 Be8 13. a3 Rxd1 14.
Rxd1 Rd8 15. Rc1 Bd6 16. Bg5 h6 17. Bh4 g5 18. Bg3 a6 19. Bd3 Na5 20. Bxd6 Rxd6 21. Ne5 Nb3 22. Rc2 Nc5 23. Bc4 Kg7 24. f3 Bc6 25.
Ba2 Ncd7 26. Nc4 Rd5 27. Nxd5 Bxd5 28. e4 Bc6 29. Na5 Bb5+ 30. Bc4 Bxc4+ 31. Nxc4 b5 32. Na5 g4 33. Rc6 h5 34. Rxa6 h4 35. Nc6 h3 36.
gxh3 gxf3+ 37. Kxf3 Nxe4 38. Ra7 Ndf6 39. Nd8 Ng5+ 40.
Kf4 Kg6 41. h4 Nd5+ 42. Kg4 f5+ 43. Kg3 Ne4+ 44. Kg2 Kf6 45. Kf3 Nd2+ 46. Ke2 Nc4 47. b3 Ne5 48. a4 bxa4 49. bxa4 Ng6 50. a5 Nxh4 51. a6 Ng2 52. Rf7+ Ke5 53. a7 Ngf4+ 54. Kf3 Nb6 55. Nc6+ Kd6 56. Kxf4 Kxc6 57. h4 1-0

[Event "Late-Titled-Tuesday-Blitz-September-26-2023"]
[Site "Chess.com"]
[Date "2023.09.26"]
[Round "1"]
[White "DvaHrasta"]
[Black "Polish_fighter3000"]
[Result "1-0"]
[WhiteElo "2516"]
[BlackElo "3074"]
[TimeControl "180+1"]
[EndTime "14:08:07 PDT"]
[Termination "DvaHrasta won on time"]

1. c4 c5 2. g3 e6 3. Bg2 d5 4. cxd5 exd5 5. Nf3 d4 6. O-O Nc6 7. e3 Nf6 8. Re1 d3 9. b3 Nb4 10. Na3 Be7 11. Bb2 O-O 12. Ne5 Rb8 13. g4 h6 14.
h4 Nh7 15. h5 b5 16. f4 Bb7 17. Bxb7 Rxb7 18. Qf3 Qb6 19. Kg2 Rd8 20. Rg1 a5 21.
Qe4 Nf8 22. Nf3 Qc6 23. Qxc6 Nxc6 24. g5 hxg5 25. fxg5 Ne6 26. h6 gxh6 27. gxh6 Kh7 28. Kh3 Rd5 29. Bg7 c4 30. bxc4 Rh5+ 31. Kg4 Kg6 32.
Nxb5 f5+ 33. Kg3 Nc5 34. Nfd4 Nxd4 35. Nxd4 Ne4+ 36. Kf3+ Kh7 37. Rg2 Bd6 38. Nxf5 Nxd2+ 39. Rxd2 Rxf5+ 40. Ke4 Rc5 41. Kxd3 Rc6 42. Bd4 Rbc7 43. Rc1 Ba3 44. Rcc2 Bb4 45. Rg2 Rxh6 46. Rh2 Rxh2 47. Rxh2+ Kg6 48. Rg2+ Kf5 49. Rf2+ Ke6 50. Rf6+ Ke7 51.
Ra6 Rc8 52. c5 Bxc5 53. Rxa5 Bxd4 54. exd4 Rc1 55. Ke4 Kd7 56. Kd5 Rh1 57. Ra7+ Kc8 58. a4 Rh5+ 59. Kc6 Rh6+ 60. Kc5 Kb8 61. Rg7 Ra6 62.
d5 Rxa4 63. Kd6 Rd4 64. Rg8+ Kb7 65. Re8 1-0

[Event "Late-Titled-Tuesday-Blitz-September-26-2023"]
[Site "Chess.com"]
[Date "2023.09.26"]
[Round "1"]
[White "ferrufino64"]
[Black "adiosabu"]
[Result "0-1"]
[WhiteElo "2184"]
[BlackElo "2562"]
[TimeControl "180+1"]
[EndTime "14:08:07 PDT"]
[Termination "adiosabu won by resignation"]

1. e4 e5 2. Nf3 d6 3. d3 c5 4. c4 Nc6 5. Nc3 Be7 6. Nd5 h6 7. h3 Nf6 8. Nxf6+ Bxf6 9. Be3 a6 10.
Be2 b5 11. b3 O-O 12. O-O Kh7 13. Nh2 g6 14. Rc1 Bg5 15. f4 exf4 16. Bxf4 Bxf4 17.
Rxf4 Qg5 18. Qf1 Bxh3 19. Bg4 Bxg4 20. Nxg4 Kg7 21. Nf6 Ne5 22. Rd1 Rad8 23. Nd5 Nc6 24. Qf2 h5 25. Rf1 Rd7 26. Rf6 Nd4 27. Nb6 Re7 28.
Nd5 Rd7 29. Nf4 Nf5 30. Nd5 Nh6 31. Nb6 Rdd8 32. Rf3 f5 33. Qb2+ Qf6 34. Qxf6+ Rxf6 35. Nd5 Rf7 36. Nf4 Re8 37. exf5 Rxf5 38. Nd5 Rxf3 39.
Rxf3 Nf5 40. Nc7 Re2 41. Rf2 Re1+ 42. Rf1 Re7 43. Nd5 Rf7 44. Re1 b4 45. Nf4 Re7 46. Rxe7+ Nxe7 47. Ne6+ Kf6 48. Nc7 a5 49. Kf2 Ke5 50.
Ke3 Nf5+ 51. Kd2 Nh4 52. g3 Nf3+ 53. Ke3 Ng5 54. Nd5 Ne6 55. Nf4 Nxf4 56. gxf4+ Kf5 57. Kf3 g5 58. fxg5 Kxg5 59. Kg3 Kf5 60. Kh3 Kf4 0-1

[Event "Late-Titled-Tuesday-Blitz-September-26-2023"]
[Site "Chess.com"]
[Date "2023.09.26"]
[Round "1"]
[White "dorpato"]
[Black "ErikRonka"]
[Result "1-0"]
[WhiteElo "2023"]
[BlackElo "2499"]
[TimeControl "180+1"]
[EndTime "14:08:07 PDT"]
[Termination "dorpato won by checkmate"]

1. e4 c5 2. Nc3 e6 3. g3 Nc6 4. Bg2 g6 5. d3 Bg7 6. Be3 d6 7.
Qd2 Rb8 8. Nf3 Nd4 9. O-O b5 10. Rab1 b4 11. Ne2 e5 12. c3 Nxf3+ 13. Bxf3 a5 14.
Bg2 Ne7 15. Bh6 Kf8 16. Bxg7+ Kxg7 17. f4 f6 18. h3 Rf8 19. g4 Ba6 20. h4 a4 21. f5 gxf5 22. exf5 d5 23. g5 Kh8 24. g6 Ng8 25. h5 Qe7 26. Bxd5 Rbd8 27. Bxg8 Rxg8 28. Qh6 Rxd3 29. Rf2 Qg7 30. Qxg7+ Kxg7 31. Rg2 Rgd8 32. h6+ Kg8 33. cxb4 cxb4 34. Ng3 Rd2 35.
Rxd2 Rxd2 36. Ne4 Rd7 37. Nxf6+ Kh8 38. Nxd7 hxg6 39. fxg6 Bd3 40. g7+ Kh7 41. Nf6+ Kxh6 42. g8=Q Bxb1 43. Qh8+ Kg5 44. Qg7+ Kf5 45. Nd7 Kf4 46.
Qxe5+ Kf3 47. Qe1 Be4 48. Qf2+ Kg4 49. Ne5+ Kg5 50. Qg3+ Kf5 51. Ng6 a3 52. bxa3 bxa3 53.
Qf4+ Kxg6 54. Qxe4+ Kg5 55. Kg2 Kh5 56. Qf4 Kg6 57. Qe5 Kh6 58. Qf5 Kg7 59. Qe6 Kh7 60. Qf6 Kg8 61. Qe7 Kh8 62. Kg3 Kg8 63. Kg4 Kh8 64.
Kg5 Kg8 65. Kg6 Kh8 66. Qg7# 1-0

[Event "Late-Titled-Tuesday-Blitz-September-26-2023"]
[Site "Chess.com"]
[Date "2023.09.26"]
[Round "1"]
[White "koncheto"]
[Black "rose107"]
[Result "1-0"]
[WhiteElo "2535"]
[BlackElo "2093"]
[TimeControl "180+1"]
[EndTime "14:08:08 PDT"]
[Termination "koncheto won by resignation"]

1. e4 c5 2. Nf3 Nc6 3. d4 cxd4 4. Nxd4 Nf6 5. Nc3 e5 6. Ndb5 d6 7. Bg5 a6 8. Na3 b5 9. Nd5 Be7 10. Bxf6 Bxf6 11. c3 O-O 12. Nc2 Bg5 13. Be2 Be6 14. Nce3 Ne7 15. O-O Bxe3 16. Nxe3 d5 17. exd5 Nxd5 18.
Nxd5 Bxd5 19. a4 bxa4 20. Rxa4 Bb7 21. Qb3 Rb8 22. Qa3 Qg5 23. g3 e4 24. Ra5 Qh6 25.
Bxa6 e3 26. Bxb7 exf2+ 27. Rxf2 Rxb7 28. Ra8 Qc1+ 29. Kg2 Rbb8 30. Rxb8 Rxb8 31. Qa7 Rf8 32. Qd4 Qg5 33. b4 Rd8 34. Qf4 Qd5+ 35. Qf3 Qc4 36.
b5 h6 37. b6 Rb8 38. Rb2 Qc5 39. b7 Qa3 40. Rb6 Qa7 41. Qc6 Qa2+ 42. Kh3 Qe6+ 43. Qxe6 fxe6 44. c4 Kf7 45. c5 Ke7 46.
c6 Kd6 47. Ra6 Kc7 48. Ra8 e5 49. Kg4 h5+ 50. Kf5 g5 51. Kxe5 h4 52. gxh4 gxh4 53.
Kf4 h3 54. Kg3 Rxb7 55. cxb7 Kxb7 56. Rf8 Kc7 57. Kxh3 Kd6 58. Kg4 Ke6 59. Rf5 Kd6 60.
h4 1-0

[Event "Late-Titled-Tuesday-Blitz-September-26-2023"]
[Site "Chess.com"]
[Date "2023.09.26"]
[Round "1"]
[White "PositionalPanther"]
[Black "GaiozNigalidze"]
[Result "0-1"]
[WhiteElo "2404"]
[BlackElo "2716"]
[TimeControl "180+1"]
[EndTime "14:08:10 PDT"]
[Termination "GaiozNigalidze won by resignation"]

1. Nf3 Nf6 2. g3 g6 3. b3 Bg7 4. Bb2 O-O 5. Bg2 b5 6. O-O Bb7 7. c4 a6 8. d3 e6 9. e4 d6 10. Qc2 e5 11. Nc3 c6 12. d4 exd4 13. Nxd4 b4 14. Nd1 Re8 15. Re1 c5 16. Ne2 Bxe4 17.
Bxe4 Nxe4 18. Bxg7 Kxg7 19. Ne3 Nc6 20. Qb2+ Qf6 21.
Qxf6+ Kxf6 22. Nd5+ Kg7 23. Nc7 Nd2 24. Nxe8+ Rxe8 25. Kg2 Ne4 26. Rad1 Rd8 27. f3 Nf6 28. Rd2 a5 29. Red1 Ne8 30. Kf2 a4 31. h4 Ra8 32. g4 h6 33. g5 Ne5 34. Nf4 Nc6 35. Ne2 Ra7 36. f4 Ne7 37. Rh1 Nf5 38. h5 axb3 39. axb3 Ra3 40. Rd3 Nc7 41. gxh6+ Kxh6 42. hxg6+ Kxg6 43. Ng3 Nd4 44. Ne4 Ne8 45. Rg1+ Kf5 46. Ke3 Ra2 47. Rg5+ Ke6 48. Rxd4 cxd4+ 49. Kxd4 Rb2 50.
f5+ Kd7 51. Rg3 Rb1 52. Rd3 Rf1 53. c5 Rxf5 54. cxd6 Rh5 55. Kc4 Rh4 56. Rd4 Rxe4 57. Rxe4 Nxd6+ 58. Kd4 Nxe4 59. Kxe4 Ke6 60. Kd4 f5 61.
Kc4 f4 62. Kd3 Kf5 63. Ke2 Ke4 64. Kf2 Kd3 65. Kf3 Kc3 66. Kxf4 Kxb3 0-1

[Event "Late-Titled-Tuesday-Blitz-September-26-2023"]
[Site "Chess.com"]
[Date "2023.09.26"]
[Round "1"]
[White "Djager97"]
[Black "dadice10"]
[Result "1-0"]
[WhiteElo "2578"]
[BlackElo "2245"]
[TimeControl "180+1"]
[EndTime "14:08:10 PDT"]
[Termination "Djager97 won on time"]

1. e4 c5 2. Nf3 e6 3. g3 g6 4. d4 cxd4 5. Nxd4 a6 6. Nc3 Bg7 7. Be3 Ne7 8. Bg2 O-O 9. O-O Nbc6 10. Qd2 Ne5 11. Qe2 d5 12. exd5 Nxd5 13. Nxd5 exd5 14.
h3 Nc4 15. b3 Nxe3 16. Qxe3 Re8 17. Qd2 Qb6 18. Rad1 Bxd4 19. Qxd4 Qxd4 20. Rxd4 Re2 21. Rxd5 Be6 22. Rc5 Rd8 23. Bf3 Red2 24. Kg2 b5 25.
Re1 Kg7 26. Re2 Rxe2 27. Bxe2 Rd2 28. Bd3 Kf6 29. Rc6 Ke5 30. Rxa6 Bd5+ 31. Kf1 Bf3 32.
Kg1 Rd1+ 33. Bf1 Be2 34. Kg2 Bxf1+ 35. Kf3 Bxh3 36. Ra7 Bd7 37. Ke3 h5 38. Rc7 Kd6 39.
Ra7 f6 40. Ra8 Bc6 41. Rg8 g5 42. Rh8 Rh1 43. Rh6 Kd5 44. Rxf6 h4 45. gxh4 gxh4 46. Rh6 h3 47. Kf3 h2 48. Kg3 Kd4 49. c3+ Kd3 50. f4 Rg1+ 51. Kxh2 Rh1+ 52. Kg3 Rxh6 53. f5 Rf6 54.
Kf4 Kxc3 55. Ke5 Rf8 56. f6 1-0

[Event "Late-Titled-Tuesday-Blitz-September-26-2023"]
[Site "Chess.com"]
[Date "2023.09.26"]
[Round "1"]
[White "JERO-8914"]
[Black "Byniolus"]
[Result "0-1"]
[WhiteElo "2423"]
[BlackElo "2775"]
[TimeControl "180+1"]
[EndTime "14:08:12 PDT"]
[Termination "Byniolus won on time"]

1. c4 c6 2. d4 d5 3. Nf3 Nf6 4. Nc3 Qb6 5. e3 Bf5 6. Bd3 Bg6 7. O-O Nbd7 8. Re1 e6 9. e4 dxe4 10. Nxe4 Be7 11. b3 O-O 12. Bb2 Rfd8 13. Qe2 a5 14.
Nc3 Bh5 15. Rad1 Bb4 16. h3 a4 17. g4 Bg6 18. Bxg6 hxg6 19. Ne5 Nxe5 20. dxe5 Nd7 21. Qc2 axb3 22. axb3 Nc5 23. Re3 Rxd1+ 24. Qxd1 Rd8 25.
Qc2 Qa5 26. Ne4 Nxe4 27. Rxe4 Rd2 28. Qb1 Bc5 29. Rf4 Qb6 30. Bc3 Rxf2 31. Rxf2 Bxf2+ 32. Kg2 Qe3 33. Qb2 Qg3+ 34. Kf1 Be3 35. Qg2 Qf4+ 36. Ke2 Bd4 37. Bxd4 Qxd4 38. Qg3 g5 39. Qf3 Qb2+ 40. Kd1 Qxe5 41. Qd3 Qf6 42. Qd7 Qf3+ 43. Kc2 c5 44. Qe8+ Kh7 45. Qc8 Qc6 46. Qd8 Kg6 47.
Qd3+ f5 48. Qe3 Qe4+ 49. Qxe4 fxe4 50. Kd2 Kf6 51. Ke2 Ke5 52. Ke3 b6 53. Ke2 Kd4 54. Kd2 e3+ 55. Ke2 Ke4 56. Ke1 Kd3 57. Kf1 Kd2 0-1

[Event "Late-Titled-Tuesday-Blitz-September-26-2023"]
[Site "Chess.com"]
[Date "2023.09.26"]
[Round "1"]
[White "schack_vit"]
[Black "ShiroglanTalibov"]
[Result "1/2-1/2"]
[WhiteElo "2457"]
[BlackElo "2836"]
[TimeControl "180+1"]
[EndTime "14:08:13 PDT"]
[Termination "Game drawn - insufficient material"]

1. c4 g6 2. g3 Bg7 3. Bg2 d6 4.
Nc3 Nc6 5. Nf3 e5 6. O-O Nge7 7. Rb1 a5 8. a3 O-O 9. b4 axb4 10. axb4 Be6 11.
d3 h6 12. b5 Nd4 13. Nxd4 exd4 14. Nd5 Nxd5 15. cxd5 Bg4 16. h3 Bf5 17. Rb4 h5 18.
Bb2 Qd7 19. Kh2 Rfe8 20. Bxd4 Bxd4 21. Rxd4 Qxb5 22. Rc4 Qb6 23. Qc2 Re7 24. Rc1 Qxf2 25. e4 Qxc2 26. R1xc2 Bc8 27. Rxc7 Rxc7 28. Rxc7 Rb8 29.
Rc4 b5 30. Rb4 f6 31. d4 Bd7 32. Bf1 Kf7 33. Kg2 g5 34. h4 Ke7 35. hxg5 fxg5 36. Be2 h4 37. e5 Ra8 38. gxh4 Ra2 39. Kf3 gxh4 40. Bxb5 Bf5 41. Bf1 h3 42. Rb7+ Kd8 43. Rb8+ Ke7 44. Rh8 h2 45. Bg2 Rd2 46. Rxh2 Rxd4 47.
exd6+ Kxd6 48. Ke3 Ke5 49. Rh5 Rd3+ 50. Ke2 Ra3 51. d6 Ke6 52. Rh6+ Kd7 53. Bf1 Bd3+ 54. Kf2 Ra2+ 55. Kg1 Ra1 56. Rf6 Bc4 57. Kg2 Ra2+ 58. Kg1 Ra1 59. Kg2 Rxf1 60. Rxf1 Bxf1+ 61. Kxf1 Kxd6 1/2-1/2

[Event "Late-Titled-Tuesday-Blitz-September-26-2023"]
[Site "Chess.com"]
[Date "2023.09.26"]
[Round "1"]
[White "Goryachkina"]
[Black "GiorgianBarbosa"]
[Result "1-0"]
[WhiteElo "2671"]
[BlackElo "2373"]
[TimeControl "180+1"]
[EndTime "14:08:14 PDT"]
[Termination "Goryachkina won by checkmate"]

1. e4 c5 2. Nf3 g6 3. c4 Bg7 4. d4 cxd4 5. Nxd4 Nc6 6. Be3 Nf6 7. Nc3 O-O 8. Be2 d6 9. O-O Nxd4 10. Bxd4 Bd7 11. f3 Bc6 12. Qd2 Nd7 13. Bf2 a5 14. b3 Nc5 15. Rfc1 e6 16. Rab1 Qe7 17. Bd1 f5 18.
exf5 Rxf5 19. Bc2 Rh5 20. Ne2 Bh6 21. Be3 Qh4 22. Bxh6 Rxh6 23. Qxd6 Rf8 24. Qg3 Qh5 25. Rd1 e5 26. Nc3 Bxf3 27. Rf1 Be2 28. Rxf8+ Kxf8 29. Qf2+ Kg7 30. Qxc5 Qxh2+ 31. Kf2 Bg4 32. Qe3 g5 33.
Qxg5+ Kf7 34. Qxg4 Rf6+ 35. Bf5 Qh6 36. Rf1 Qd2+ 37.
Ne2 e4 38. Kg1 e3 39. Qh5+ Ke7 40. Qxh7+ Kd6 41. Qd7+ Ke5 42. Qxd2 exd2 43. Rd1 Rxf5 44. Rxd2 Ke4 45. Ng3+ Ke3 46. Re2+ Kd3 47. Nxf5 Kxe2 48. g4 Kd3 49. g5 Kc3 50. g6 Kb2 51. g7 Kxa2 52. g8=Q Kxb3 53. c5+ Kb2 54. Qd5 a4 55. Qxb7+ Ka1 56. Qa6 a3 57. Qxa3+ Kb1 58. c6 Kc2 59. Qc5+ Kb1 60. c7 Kb2 61. c8=Q Ka1 62. Qa6+ Kb2 63. Qb7+ Ka2 64. Qa5# 1-0

[Event "Late-Titled-Tuesday-Blitz-September-26-2023"]
[Site "Chess.com"]
[Date "2023.09.26"]
[Round "1"]
[White "karinachess1"]
[Black "jinxy2009"]
[Result "1-0"]
[WhiteElo "2613"]
[BlackElo "2304"]
[TimeControl "180+1"]
[EndTime "14:08:19 PDT"]
[Termination "karinachess1 won by resignation"]

1. d4 Nf6 2. c4 e6 3. Nc3 Bb4 4. Qc2 b6 5. a3 Bxc3+ 6. Qxc3 Bb7 7. Nf3 O-O 8. g3 d6 9. Bg2 Nbd7 10. O-O Ne4 11.
Qc2 f5 12. Ng5 Nxg5 13. Bxb7 Rb8 14. Bc6 Nf7 15. e4 fxe4 16. Qxe4 e5 17. dxe5 Nfxe5 18. Bd5+ Kh8 19. f4 Nf6 20. Qg2 Ned7 21. Bf3 a5 22.
Bd2 Nc5 23. Bc3 Qe7 24. Rae1 Qf7 25. Bc6 a4 26. Qe2 d5 27. Bxf6 Qxf6 28. cxd5 h6 29. Kg2 Rbd8 30. Rd1 Rd6 31. Qe5 Rfd8 32.
Rfe1 Kh7 33. Qxf6 Rxf6 34. Kf3 Rfd6 35. g4 Kg6 36. h4 Kf7 37. f5 g6 38. Kf4 gxf5 39.
gxf5 Kf6 40. Rg1 Kf7 41. h5 Rf6 42. Rg6 Rdd6 43. Rdg1 Nd3+ 44. Ke3 Ne5 45. Rg7+ Kf8 46. Rg8+ Ke7 47. R1g7+ Rf7 48. Re8+ Kf6 49. Rxf7+ Nxf7 50. Kf4 Ng5 51. Rg8 Nh3+ 52. Kg4 Ng5 53. Rg6+ Kf7 54. Kf4 Nh3+ 55. Ke5 Ng5 56. Rxd6 cxd6+ 57. Kxd6 Kf6 58. Kc7 Kxf5 59. d6 Ke6 60. d7 Nf7 61. d8=Q Nxd8 62. Kxd8 Kf5 63. Bxa4 Kg5 64. Be8 Kh4 65. Kc7 Kg5 66.
Kxb6 1-0

[Event "Late-Titled-Tuesday-Blitz-September-26-2023"]
[Site "Chess.com"]
[Date "2023.09.26"]
[Round "1"]
[White "aranibos"]
[Black "aNaartjieZA"]
[Result "1/2-1/2"]
[WhiteElo "2298"]
[BlackElo "2595"]
[TimeControl "180+1"]
[EndTime "14:08:22 PDT"]
[Termination "Game drawn - insufficient material"]

1. d4 Nf6 2. Nf3 c5 3. d5 d6 4. c4 e5 5. Nc3 Nbd7 6. e4 Be7 7. Bd3 Nf8 8. a3 Ng6 9. Rb1 Nh5 10. O-O Nhf4 11.
b4 b6 12. g3 Nxd3 13. Qxd3 Bh3 14. Re1 h5 15. bxc5 bxc5 16. Bd2 h4 17. Ne2 Qd7 18. Rb5 f5 19. exf5 Bxf5 20. Qb3 Be4 21. Nf4 Bxf3 22. Nxg6 e4 23. Rb7 Qh3 24. Rxe7+ Kd8 25.
Nf4 hxg3 26. fxg3 Qxh2+ 27. Kf1 Qxd2 28. Rd7+ Ke8 29. Qxf3 Qxe1+ 30. Kxe1 exf3 31. Rxg7 Rh2 32. Rg8+ Kf7 33. Rxa8 Ra2 34. Rxa7+ Kf6 35. Nd3 Kf5 36. Nf2 Ra1+ 37. Kd2 Ra2+ 38. Ke3 Re2+ 39. Kxf3 Rc2 40. Rf7+ Kg6 41. Rd7 Rc3+ 42. Kg4 Rxc4+ 43. Kh3 Rc3 44. Rxd6+ Kf5 45. Rf6+ Ke5 46. Rg6 Kxd5 47. Ng4 Rxa3 48. Rg5+ Kc6 49. Nf6 Rf3 50. Ne4 c4 51.
Rc5+ Kd7 52. Rxc4 Rf8 53. Ra4 Ke6 54. Kg2 Ke5 55. Nc5 Kd5 56. Nd3 Rg8 57. Nf4+ Ke5 58.
Ra5+ Ke4 59. Ra4+ Kf5 60. Ra5+ Ke4 61. Ra4+ Ke3 62. Nd5+ Kd3 63. Rf4 Rg5 64. Nf6 Ke3 65. Ng4+ Ke2 66. Nf2 Ke3 67. Rf6 Kd4 68. g4 Ke5 69.
Rf4 Kxf4 70. Nh3+ Kxg4 71. Nxg5 1/2-1/2

[Event "Late-Titled-Tuesday-Blitz-September-26-2023"]
[Site "Chess.com"]
[Date "2023.09.26"]
[Round "1"]
[White "jk13"]
[Black "MeisterJabo"]
[Result "1-0"]
[WhiteElo "2615"]
[BlackElo "2306"]
[TimeControl "180+1"]
[EndTime "14:08:24 PDT"]
[Termination "jk13 won on time"]

1. e4 e5 2. Nf3 Nc6 3. Bc4 Nf6 4. d3 Bc5 5. c3 a6 6. Bb3 Ba7 7. Nbd2 d6 8. O-O h6 9. Re1 O-O 10.
h3 Be6 11. Bc2 Re8 12. Nf1 d5 13. Qe2 Qd7 14. Kh2 Rad8 15. Rd1 Qe7 16. Ng3 dxe4 17. dxe4 Rxd1 18. Bxd1 Rd8 19. Bb3 Bxb3 20. axb3 Qe6 21. b4 Ne7 22. b5 a5 23. Rxa5 Bb6 24. Ra1 Ng6 25. Nf5 Qb3 26. g3 Qd1 27. Qxd1 Rxd1 28. Ne3 Rd8 29. Ra4 Rd7 30. Kg2 Kf8 31. Nc4 Re7 32.
Nxb6 cxb6 33. Be3 Re8 34. Bxb6 Nd7 35. Be3 Kg8 36. b6 Nf6 37. Nd2 Nf8 38. Ra7 Rb8 39.
f3 N8d7 40. Kf2 Ne8 41. c4 Nd6 42. c5 Nb5 43. Ra5 Nd4 44. Bxd4 exd4 45. Ke2 Rc8 46. b4 Ne5 47. Ra7 Rb8 48. f4 Nc6 49. Ra4 Rc8 50. Kd3 Kf8 51. Nf3 Ke7 52. b5 Nb8 53. Kxd4 Nd7 54. Rc4 f6 55. Nh4 Ra8 56. Nf5+ Ke6 57. Nxg7+ Kf7 58. Nf5 Ra1 59. Nd6+ Ke6 60. Nxb7 Rd1+ 61.
Ke3 Re1+ 62. Kf2 Rb1 63. Nd8+ Ke7 64. Nc6+ Ke6 65. b7 Rxb5 66. Nd4+ Kf7 67. Nxb5 Nxc5 68. Rxc5 Kg6 69. b8=Q h5 70. Qg8+ Kh6 71. Rf5 h4 72. Rxf6+ 1-0

[Event "Late-Titled-Tuesday-Blitz-September-26-2023"]
[Site "Chess.com"]
[Date "2023.09.26"]
[Round "1"]
[White "FMOlexandrProhorov"]
[Black "Gameking51"]
[Result "0-1"]
[WhiteElo "2303"]
[BlackElo "2616"]
[TimeControl "180+1"]
[EndTime "14:08:24 PDT"]
[Termination "Gameking51 won on time"]

1. e4 c5 2. c3 Nf6 3. e5 Nd5 4. g3 d6 5. exd6 e6 6. Bg2 Bxd6 7. Nf3 O-O 8. O-O Nc6 9. d4 cxd4 10. Nxd4 Nxd4 11.
Qxd4 Nf6 12. Rd1 Be7 13. Qxd8 Rxd8 14. Rxd8+ Bxd8 15. Na3 Nd5 16. c4 Nb4 17. Bd2 Nc6 18.
Rd1 Bf6 19. b3 Bd7 20. Be3 Be8 21. Nb5 Be7 22. Nc7 Rc8 23. Nxe8 Rxe8 24. Rd7 Nb4 25. Rxb7 Nxa2 26. Rxa7 Nc3 27. Bd2 Ne2+ 28. Kf1 Nd4 29.
Rb7 Bf6 30. c5 Kf8 31. c6 Rc8 32. c7 Be5 33. Ba5 Ke7 34. f4 Bd6 35. b4 Kd7 36.
b5 Nb3 37. Bb6 Bxc7 38. Bc6+ Kd8 39. Bxc7+ Rxc7 40. Rb8+ Ke7 41. Re8+ Kf6 42. Kf2 Na5 43.
Bf3 Rc2+ 44. Ke3 Rb2 45. Be2 g6 46. h4 h5 47. Rb8 Nb3 48. b6 Nc5 49. Bf3 Nd7 50. Rb7 Nxb6 51. Kd4 Rb4+ 52. Kc5 Rb3 53. Bc6 Na4+ 54. Kd6 Rxb7 55. Bxb7 Nc3 56. Bf3 Kf5 57. Ke7 f6 58. Kf7 e5 59. fxe5 fxe5 60. Kg7 e4 61. Bg2 e3 62. Bf1 e2 63. Bxe2 Nxe2 64.
Kh6 Nxg3 0-1

[Event "Late-Titled-Tuesday-Blitz-September-26-2023"]
[Site "Chess.com"]
[Date "2023.09.26"]
[Round "1"]
[White "CheckThis4"]
[Black "IngOscarArdila"]
[Result "1-0"]
[WhiteElo "2678"]
[BlackElo "2381"]
[TimeControl "180+1"]
[EndTime "14:08:26 PDT"]
[Termination "CheckThis4 won by resignation"]

1. e4 e5 2. Nf3 Nf6 3. d4 Nxe4 4. dxe5 d5 5. Nbd2 Nc5 6. Nb3 Ne6 7. Bd3 Be7 8. O-O O-O 9. Qe2 c5 10. c4 Nc6 11. cxd5 Qxd5 12. Rd1 Ncd4 13. Nbxd4 Nxd4 14. Nxd4 cxd4 15. Bf4 Be6 16. Be4 Qc5 17. Rac1 Qb6 18.
Qd3 g6 19. Qxd4 Qxd4 20. Rxd4 Rab8 21. b3 Rfd8 22. Rxd8+ Rxd8 23. Bxb7 Ba3 24. Rf1 Rd4 25. g3 Bh3 26. Re1 Bb4 27. Rc1 Kg7 28. Bg2 Bf5 29. e6 Rd8 30. exf7 Kxf7 31. h4 Rd7 32. Rc7 Rxc7 33. Bxc7 Bb1 34. Bd5+ Ke7 35. a4 a5 36. Kg2 h5 37. Kf3 Bc2 38. Kf4 Be1 39. Bb6 Bd2+ 40. Be3 Bc3 41. Be4 Bxb3 42. Bxg6 Bxa4 43. Bxh5 Kf6 44. g4 Be5+ 45. Ke4 Bc6+ 46. Kd3 a4 47. f4 Bb2 48. g5+ Ke6 49. Bg4+ Ke7 50. Bc5+ Kf7 51. Bh5+ Ke6 52. Bg4+ Kf7 53. Bd4 Bb5+ 54. Ke3 a3 55.
Bxb2 axb2 56. Bf5 Bd7 57. Bb1 Bg4 58. Ke4 Ke6 59. Kd4 Bf5 60. Ba2+ Ke7 61. Ke5 b1=Q 62. Bxb1 Bxb1 63. f5 Kf7 64. h5 Bd3 65. h6 Bc2 66.
g6+ Kg8 67. Kf6 Bb3 68. Ke7 Bc4 69. f6 Kh8 70. f7 Bxf7 71. gxf7 Kh7 72. f8=Q Kg6 73.
Qg7+ 1-0

[Event "Late-Titled-Tuesday-Blitz-September-26-2023"]
[Site "Chess.com"]
[Date "2023.09.26"]
[Round "1"]
[White "TheoSlade"]
[Black "Angry_Twin"]
[Result "0-1"]
[WhiteElo "2477"]
[BlackElo "2949"]
[TimeControl "180+1"]
[EndTime "14:08:28 PDT"]
[Termination "Angry_Twin won by checkmate"]

1. d4 Nf6 2. c4 e6 3. g3 d5 4. Bg2 Bb4+ 5. Nd2 O-O 6. Nf3 b6 7.
O-O Bb7 8. a3 Be7 9. cxd5 exd5 10. b4 c6 11. Ne5 Nbd7 12. e4 dxe4 13. Nxe4 Nd5 14. Qc2 Nxe5 15. dxe5 a5 16. bxa5 Rxa5 17. Bb2 Qd7 18. Rfd1 Rfa8 19. Nc3 Bxa3 20. Bxa3 Rxa3 21. Rxa3 Rxa3 22. Nxd5 cxd5 23. Qb2 Qa4 24. Rb1 b5 25.
Bf1 h5 26. Qxb5 Qxb5 27. Rxb5 Ra7 28. Rb4 Kf8 29. f4 Ke7 30. Bg2 Ra1+ 31. Kf2 Ra2+ 32. Kg1 Bc6 33. Rd4 Ke6 34. Bh3+ f5 35. exf6+ Kxf6 36.
Bg2 Ke6 37. Bh3+ Kd6 38. Rd1 Bb5 39. Bf1 Ba4 40. Rb1 Kc5 41. Rc1+ Kd6 42. Rb1 d4 43. Rb7 Ra1 44. Kf2 Bc6 45. Rxg7 Ra2+ 46. Ke1 Ra1+ 47. Kf2 Be4 48. Rg8 Ra2+ 49. Ke1 Ra1+ 50. Kf2 Ra2+ 51. Ke1 Bf3 52. Rd8+ Kc5 53. f5 Bd5 54. f6 Ra1+ 55.
Kf2 Ra2+ 56. Ke1 Ra7 57. h3 Rf7 58. Rc8+ Kd6 59. Rd8+ Ke5 60. g4 hxg4 61. hxg4 Rxf6 62. g5 Rb6 63. Be2 Rb1+ 64. Kd2 Rb2+ 65. Ke1 Be4 66. Kd1 Kf4 67. g6 Ke3 68. g7 Rb1# 0-1